cohdb
Replays
Latest Replays
All Replays
Popular Replays
Top Player Replays
Match Explorer
How It Works
Community
CoH3 Stats
Reddit
Sign in to upload your games and track your stats! →
Sign in with Steam
Match 35499901
Unlisted
Match 35499901
Overview
Messages
Build Orders
End
Vickers Machine Gun Team
Construct Section Command Post
Selects Indian Artillery Battlegroup
Infantry Section
Infantry Section
Construct Field Infirmary
Infantry Section
Selects Artillery Saturation
Construct Platoon Command Post
Unlock Bishop Self-propelled Artillery
Selects Valour
Infantry Section
6-pounder Anti-tank Gun Team
Selects Gurkha Rifles Section
Gurkha Rifles Section
Bishop Self-propelled Artillery
Selects Volunteer Infantry
Construct Company Command Post
Matilda II Heavy Tank
Warm Sake
Field marshal Prince
N4Z
Heretek
Grand Admiral
Roise
0
0
Comments
sign in to comment!
No comments posted yet!